 Dungeon Crawl Stone Soup version 0.27-a0-1557-g57f10a385c (webtiles) character file.

Game seed: 9417817157863739727

3718 robertstho the Protected (level 9, -2/83 HPs)
             Began as a Minotaur Berserker on July 15, 2021.
             Was an Elder of Trog.
             Slain by a large slime creature (17 damage)
             ... on level 7 of the Dungeon.
             The game lasted 00:11:21 (8391 turns).

robertstho the Protected (Minotaur Berserker)       Turns: 8391, Time: 00:11:21

Health: -2/83      AC: 12    Str: 25    XL:     9   Next: 92%
Magic:  8/8        EV:  7    Int: 10    God:    Trog [****..]
Gold:   441        SH:  9    Dex: 10    Spells: 8/8 levels left

rFire    . . .     SeeInvis .   n - +2 hand axe (venom)
rCold    . . .     Faith    .   u - +0 kite shield
rNeg     . . .     Spirit   .   q - +1 chain mail {Will+}
rPois    .         Reflect  .   (helmet restricted)
rElec    .         Harm     .   (no cloak)
rCorr    .         Rampage  .   (no gloves)
Will     ++...                  (no boots)
Stlth    ..........             (no amulet)
HPRegen  0.23/turn              e - ring of willpower
MPRegen  0.11/turn              h - +6 ring of intelligence

@: on berserk cooldown, slowed, very slow
A: horns 2, retaliatory headbutt
a: Renounce Religion, Berserk, Trog's Hand, Brothers in Arms


You were on level 7 of the Dungeon.
You worshipped Trog.
Trog was greatly pleased with you.
You visited 1 branch of the dungeon, and saw 7 of its levels.
You also visited: Ossuary.

You collected 441 gold pieces.

Inventory:

Hand Weapons
 a - a +1 whip of electrocution
 n - a +2 hand axe of venom (weapon)
 s - a +0 war axe
Missiles
 o - a throwing net (quivered)
Armour
 q - a +1 chain mail of willpower (worn)
 u - a +0 kite shield (worn)
 w - a +0 plate armour
Jewellery
 e - a ring of willpower (left hand)
 f - a ring of see invisible
 h - a +6 ring of intelligence (right hand)
 m - a ring of positive energy
 v - a ring of flight
Wands
 c - a wand of acid (9)
 k - a wand of paralysis (7)
Scrolls
 b - 2 scrolls of blinking {unknown}
 d - 2 scrolls of enchant armour {unknown}
 i - 3 scrolls of immolation {unknown}
 j - 2 scrolls of magic mapping
 l - 4 scrolls of enchant weapon {unknown}
 y - a scroll of teleportation
 C - a scroll of summoning
Potions
 p - a potion of ambrosia
 r - a potion of haste
 t - 2 potions of attraction
 x - 2 potions of degeneration {unknown}
 A - 3 potions of might {unknown}
 B - 4 potions of flight {unknown}
 D - a potion of magic {unknown}


   Skills:
 * Level 9.3 Fighting
 + Level 10.1 Axes
 * Level 10.5 Armour
 + Level 4.1 Dodging
 + Level 2.1 Shields
 + Level 0.5 Evocations


You had 8 spell levels left.
You didn't know any spells.
Your spell library was empty.

Dungeon Overview and Level Annotations

Branches:
Dungeon (7/15)            Ossuary (visited)
 Temple: D:4-7

Altars:


Innate Abilities, Weirdness & Mutations

You have a pair of horns on your head.
You reflexively headbutt those who attack you in melee.


Message History

Your black bear claws the large slime creature but does no damage.
Your black bear claws the large slime creature.
Your black bear bites the large slime creature.
Your black bear barely misses the large slime creature.
Your black bear claws the large slime creature.
Your black bear bites the large slime creature!
Your black bear claws the large slime creature. x2
The large slime creature hits your black bear!!
Your black bear dies!
Your black bear's corpse disappears in a puff of smoke!
A red film seems to cover your vision as you go berserk!
You feel yourself moving faster!
You feel mighty!
You feel a strong urge to attack something.
The large slime creature hits you!!
There is an open door, spattered with blood here.
You slash the large slime creature!
The large slime creature is heavily wounded.
Two slime creatures merge to form a very large slime creature.
You slice the very large slime creature!!
The very large slime creature is heavily wounded.
You slash the very large slime creature!
The very large slime creature is poisoned.
You headbutt the very large slime creature!
The very large slime creature is heavily wounded.
The very large slime creature hits you!!!
* * * LOW HITPOINT WARNING * * *
You hit the very large slime creature.
The very large slime creature looks as sick as possible!
The very large slime creature is heavily wounded.
You slash the very large slime creature!
The very large slime creature is severely wounded.
The very large slime creature hits you!!
* * * LOW HITPOINT WARNING * * *
You feel a strong urge to attack something.
You are no longer berserk.
You are exhausted.
You feel yourself slow down.
You feel better.
A very large slime creature splits.
The large slime creature hits you!
You die...

###.#).##.#>#.##.....# #.
....##.##.#.#.##.##..# #.
##..##.##.....##.##..# #.
....##.####'####.##..### #.
##.###.###...###.##....# #. ##.#
#.##....>##.###.#.# #.
#..###.#.......#.###...# ##.
.......................########..
...............J@...............#
...####........J####...########..
#.## ##.......## #..## ##. ###
##.....## #.## #. # ##...## #.#
#. ## ##'## #.# #. .##### #.# #.#
#. .....# #.# #.# #. .###.# #.##
#.# #.


You could see a large slime creature (very poisoned) and a slime creature (very
poisoned).

Vanquished Creatures
  Prince Ribbit (D:7)
  Sigmund (D:3)
  Eustachio (D:5)
  Menkaure (Ossuary)
  2 water moccasins (D:5)
  Duvessa (D:4)
  2 orc warriors (D:7)
  2 sky beasts
  A black bear (D:5)
  4 necrophages
  2 ogres
  A centaur (D:5)
  A phantom (D:6)
  A kobold brigand (D:7)
  3 bullfrogs
  Blork the orc (D:6)
  2 scorpions
  Dowan (D:4)
  A water moccasin skeleton (D:5)
  A water moccasin zombie (D:5)
  2 howler monkeys
  3 centaur zombies (Ossuary)
  A human zombie (Ossuary)
  A centaur skeleton (D:7)
  2 gnoll shamans
  A jelly (D:7)
  4 orc priests
  3 hounds
  Ijyb (D:3)
  2 iguanas
  4 orc wizards (D:5)
  2 ogre zombies (Ossuary)
  6 mummies (Ossuary)
  3 adders
  7 gnolls
  4 howler monkey skeletons
  A river rat (D:5)
  A white imp (D:4)
  5 adder zombies (Ossuary)
  An adder skeleton (D:4)
  3 worms
  A dart slug (D:4)
  13 orcs
  2 bats (D:1)
  3 endoplasms
  9 giant cockroaches
  3 goblins
  8 hobgoblins
  3 jackals (D:5)
  5 quokkas
  7 ball pythons
  3 frilled lizards
  A gnoll zombie (Ossuary)
  4 goblin zombies (Ossuary)
  2 hobgoblin zombies (Ossuary)
  A jackal skeleton (D:4)
  7 kobolds
  3 kobold zombies (Ossuary)
  5 quokka zombies (Ossuary)
  4 rats
  4 rat zombies (Ossuary)
175 creatures vanquished.

Notes
Turn   | Place    | Note
-------+----------+-------------------------------------------
     0 | D:1      | robertstho the Minotaur Berserker began the quest for the
                  | Orb.
     0 | D:1      | Reached XP level 1. HP: 19/19 MP: 0/0
   156 | D:1      | Reached XP level 2. HP: 26/27 MP: 1/1
   176 | D:1      | Found a faded altar of an unknown god.
   804 | D:2      | Reached ** piety under Trog
  1137 | D:2      | Reached XP level 3. HP: 34/34 MP: 2/2
  1937 | D:3      | Noticed Ijyb
  1945 | D:3      | Killed Ijyb
  1946 | D:3      | Reached XP level 4. HP: 38/41 MP: 3/3
  2162 | D:3      | Noticed Sigmund
  2189 | D:3      | Killed Sigmund
  2190 | D:3      | Reached skill level 5 in Fighting
  2190 | D:3      | Reached skill level 5 in Axes
  2190 | D:3      | Reached XP level 5. HP: 37/48 MP: 4/4
  2939 | D:4      | Noticed Dowan
  2940 | D:4      | Noticed Duvessa
  2950 | D:4      | Killed Duvessa
  2951 | D:4      | Reached XP level 6. HP: 51/57 MP: 5/5
  2955 | D:4      | Killed Dowan
  2956 | D:4      | Reached skill level 5 in Armour
  3456 | D:4      | Reached XP level 7. HP: 63/63 MP: 6/6
  3936 | D:4      | Reached *** piety under Trog
  4106 | D:5      | Entered Level 5 of the Dungeon
  4484 | D:5      | Reached XP level 8. HP: 61/71 MP: 7/7
  4721 | D:5      | Identified the +0 leather armour "Hizxuss" {rCorr Str+2
                  | Stlth+}
  4722 | D:5      | Noticed Eustachio
  4800 | D:5      | Killed Eustachio
  6150 | D:6      | Found a sand-covered staircase.
  6163 | Ossuary  | Entered an ossuary
  6268 | Ossuary  | Reached **** piety under Trog
  6321 | Ossuary  | Reached XP level 9. HP: 81/81 MP: 8/8
  6428 | Ossuary  | Noticed Menkaure
  6436 | Ossuary  | Killed Menkaure
  6980 | D:6      | Reached skill level 1 in Shields
  6982 | D:6      | Noticed Blork the orc
  6989 | D:6      | Killed Blork the orc
  7009 | D:6      | Reached ***** piety under Trog
  7391 | D:7      | Noticed a cyclops
  7391 | D:7      | Noticed a red ugly thing
  7519 | D:7      | Reached skill level 10 in Armour
  7838 | D:7      | Noticed Prince Ribbit
  7846 | D:7      | Reached skill level 10 in Axes
  7867 | D:7      | Killed Prince Ribbit
  8391 | D:7      | Slain by a large slime creature

Illustrated notes

Levels and vault maps discovered:
D:1:      lemuel_arrival_hallway, layout_loops_ring,
          hellmonk_ecumenical_altar_lost_god, lemuel_old_faithful
D:2:      layout_basic, kennysheep_small_spiral
D:3:      layout_basic, uniq_ijyb, uniq_sigmund
D:4:      cheibrodos_pilgrimage, layout_basic, minmay_misc_feat_pillars,
          uniq_duvessa
D:5:      layout_basic, gup_sewer_entry_spiral, uniq_eustachio
D:6:      layout_rooms, nicolae_ossuary_entry_monument, uniq_blork_the_orc
D:7:      layout_loops_corners, minmay_temple_entry_fiery,
          lightli_corner_chamber, uniq_prince_ribbit1

Skill      XL: |  1  2  3  4  5  6  7  8  9 |
---------------+----------------------------+-----
Fighting       | 4 5 6 7 9 |  9.3
Axes           | 4 5 6 8 10 | 10.1
Armour         | 3 4 5 7 9 10 | 10.5
Dodging        | 3 4 |  4.1
Shields        | 2 |  2.1
Evocations     | |  0.5

Action                   |  1- 3 |  4- 6 |  7- 9 || total
-------------------------+-------+-------+-------++-------
Melee: Hand axe          |    70 |    52 |   293 ||   415
       Headbutt          |    11 |     8 |    68 ||    87
       War axe           |       |       |    63 ||    63
Invok: Berserk           |     1 |     3 |     7 ||    11
       Trog's Hand       |       |       |     4 ||     4
       Brothers in Arms  |       |       |     1 ||     1
Evoke: Wand              |       |     4 |       ||     4
  Use: Potion            |       |     3 |     3 ||     6
       Scroll            |       |       |     7 ||     7
Armor: Animal skin       |     2 |       |       ||     2
       Ring mail         |    15 |       |       ||    15
       Skin              |       |     8 |       ||     8
       Chain mail        |       |    21 |   192 ||   213
Dodge: Dodged            |    34 |    23 |   150 ||   207
Block: Kite shield       |       |       |    56 ||    56

Table legend: (Time is in decaauts)
 A = Elapsed time spent in this place.
 B = Non-inter-level travel time spent in this place.
 C = Inter-level travel time spent in this place.
 D = Time resting spent in this place.
 E = Time spent auto-exploring this place.
 F = Levels seen in this place.
 G = Mean time per level.
                   A        B        C        D        E       F      G
               +--------+--------+--------+--------+--------+-----+--------+
         Total |   8565 |   8331 |    234 |    615 |   6462 |   8 | 1070.6 |
       Dungeon |   7961 |   7727 |    234 |    615 |   6089 |   7 | 1137.3 |
       Ossuary |    603 |    603 |      0 |      0 |    373 |   1 |  603.0 |
               +--------+--------+--------+--------+--------+-----+--------+

Top non-repeatable levels by time:
     D:5: 2103 daAuts
     D:4: 1446 daAuts
     D:2: 1018 daAuts
     D:3: 991 daAuts
     D:7: 934 daAuts
     D:6: 767 daAuts
     D:1: 700 daAuts
 Ossuary: 603 daAuts
